 Dungeon Crawl Stone Soup version 0.25-a0-513-ge77a69270c (webtiles) character file.

Game seed: 5494915910240617780, levelgen mode: deterministic

392 Error4North the Skirmisher (level 6, -9/56 HPs)
             Began as a Hill Orc Fighter on Feb 17, 2020.
             Mangled by an ogre
             ... wielding a +0 giant spiked club
              (21 damage)
             ... on level 4 of the Dungeon.
             The game lasted 00:08:21 (2915 turns).

Error4North the Skirmisher (Hill Orc Fighter)       Turns: 2915, Time: 00:08:21

Health: -9/56      AC:  8    Str: 25    XL:     6   Next: 80%
Magic:  6/6        EV:  8    Int:  8    God:
Gold:   121        SH: 10    Dex: 11    Spells: 5/5 levels left

rFire    . . .     SeeInvis .   a - +0 war axe
rCold    . . .     Gourm    .   c - +0 kite shield
rNeg     . . .     Faith    .   b - +0 scale mail
rPois    .         Spirit   .   (no helmet)
rElec    .         Reflect  .   e - +0 cloak
rCorr    .         Harm     .   (no gloves)
MR       .....                  (no boots)
Stlth    ..........             (no amulet)
HPRegen  0.18/turn              (no ring)
MPRegen  0.10/turn              (no ring)

@: mighty
A: no striking features
a: no special abilities


You were on level 4 of the Dungeon.
You were hungry.

You visited 1 branch of the dungeon, and saw 4 of its levels.

You collected 121 gold pieces.

Inventory:

Hand Weapons
 a - a +0 war axe (weapon)
 n - a +0 vorpal hunting sling
Missiles
 q - 8 sling bullets
Armour
 b - a +0 scale mail (worn)
 c - a +0 kite shield (worn)
 e - a +0 cloak (worn)
Jewellery
 j - an uncursed ring of flight {unknown}
 r - an uncursed ring of poison resistance {unknown}
Wands
 g - a wand of polymorph (20)
Scrolls
 m - a scroll of magic mapping {unknown}
 p - 2 scrolls of remove curse {unknown}
 s - a scroll of immolation {unknown}
Potions
 h - 2 potions of flight {unknown}
 k - a potion of agility {unknown}
 l - a potion of resistance {unknown}
 o - 3 potions of curing {unknown}
 t - 3 potions of degeneration {unknown}
 u - a potion of heal wounds {unknown}
Comestibles
 f - 7 rations


   Skills:
 * Level 5.3 Fighting
 + Level 5.1 Axes
 + Level 1.1 Slings
 * Level 4.5 Armour
 + Level 1.0 Dodging
 * Level 4.5 Shields
 * Level 0.7 Evocations


You had 5 spell levels left.
You didn't know any spells.
Your spell library contained the following spells:

 Spells                   Type           Power        Failure   Level  Hunger
 Animate Skeleton         Necr           N/A          98%         1    ##.....
 Apportation              Tloc           #.....       98%         1    ##.....
 Corona                   Hex            #......      98%         1    ##.....
 Summon Small Mammal      Summ           #...         98%         1    ##.....


Dungeon Overview and Level Annotations

Branches:
Dungeon (4/15)
 Temple: D:4-7

Altars:
Cheibriados
Fedhas
Gozag
Qazlal
Yredelemnul


Message History

The ogre hits you with a +0 giant spiked club!
You hit the jackal.
You kill the jackal!
You hit the ogre.
The ogre hits you with a +0 giant spiked club!
You barely miss the ogre.
The ogre is moderately wounded.
You block the ogre's attack.
Your shield and scale mail prevent you from hitting the ogre.
The ogre is moderately wounded.
The ogre hits you with a +0 giant spiked club!
You hit the ogre but do no damage.
The ogre is moderately wounded.
Your shield prevents you from hitting the ogre.
The ogre is moderately wounded.
The ogre hits you with a +0 giant spiked club!
* * * LOW HITPOINT WARNING * * *
You feel very mighty all of a sudden.
The ogre hits you with a +0 giant spiked club!!
You die...

.. ..# ...# ####
....####..#
....#....####
#.........#
##..O......#
#...%@.....#
#..##)†....# #### ...
##.....####..##### .
#...................
..##...###...........
....## ##.......#..
.#....####.......#..
. #...............##.
...................


You could see an ogre.

Vanquished Creatures
  Sigmund (D:2)
  2 hounds (D:4)
  An iguana (D:4)
  A worker ant (D:4)
  Robin (D:2)
  4 adders
  2 worms (D:3)
  2 dart slugs
  A leopard gecko (D:1)
  6 orcs
  7 bats
  2 giant cockroaches (D:2)
  9 goblins
  9 hobgoblins
  5 jackals
  3 quokkas
  5 frilled lizards
  6 kobolds
  9 rats
  4 toadstools (D:1)
80 creatures vanquished.

Notes
Turn   | Place    | Note
-------+----------+-------------------------------------------
     0 | D:1      | Error4North the Hill Orc Fighter began the quest for the
                  | Orb.
     0 | D:1      | Reached XP level 1. HP: 19/19 MP: 1/1
   359 | D:1      | Reached XP level 2. HP: 25/27 MP: 2/2
   869 | D:2      | Noticed Robin
   876 | D:2      | Reached XP level 3. HP: 33/33 MP: 3/3
   881 | D:2      | Killed Robin
   941 | D:2      | Found a blossoming altar of Fedhas.
   976 | D:2      | Found an opulent altar of Gozag.
  1108 | D:2      | Reached XP level 4. HP: 35/40 MP: 4/4
  1202 | D:2      | Found a basalt altar of Yredelemnul.
  1461 | D:2      | Noticed Sigmund
  1466 | D:2      | Killed Sigmund
  1466 | D:2      | Reached XP level 5. HP: 47/47 MP: 5/5
  1697 | D:3      | Found a stormy altar of Qazlal.
  1740 | D:3      | Reached XP level 6. HP: 46/53 MP: 6/6
  1888 | D:3      | Reached skill level 1 in Dodging
  2606 | D:4      | Reached skill level 5 in Fighting
  2631 | D:4      | Reached skill level 5 in Axes
  2676 | D:4      | Found a snail-covered altar of Cheibriados.
  2719 | D:4      | Reached skill level 1 in Slings
  2915 | D:4      | Mangled by an ogre

Levels and vault maps discovered:
D:1:      ldierk_water_garden, layout_basic
D:2:      layout_basic, old_standard_altar, lemuel_crystal_altar,
          nicolae_overflow_crystal_walls, first_ration, uniq_sigmund, uniq_robin
D:3:      minmay_wonky_spiral, layout_basic, nicolae_qazlal_general_emergency,
          chequers_serial_rivers_small_3, minmay_misc_feat_roman
D:4:      layout_cave_pools, lemuel_round_altar, serial_shops, shop_statue

Skill      XL: |  1  2  3  4  5  6 |
---------------+-------------------+-----
Fighting       | 4 5 |  5.3
Axes           | 3 4 5 |  5.1
Armour         | 4 |  4.5
Shields        | 4 |  4.5
Dodging        | 1 |  1.0
Slings         | 1 |  1.1
Evocations     | |  0.7

Action                   |  1- 3 |  4- 6 || total
-------------------------+-------+-------++-------
Melee: War axe           |    82 |   101 ||   183
       Hunting sling     |       |     1 ||     1
 Fire: Hunting sling     |       |    21 ||    21
  Use: Potion            |       |     1 ||     1
  Eat: Chunk             |     1 |     5 ||     6
Armor: Scale mail        |    38 |    37 ||    75
       Skin              |     3 |       ||     3
Dodge: Dodged            |    23 |    36 ||    59
Block: Kite shield       |    45 |    54 ||    99

Table legend:
 A = Non-vault XP
 B = Vault XP
 C = Vault XP percentage of total XP
 D = Non-vault monster count
 E = Vault monster count
 F = Vault count percentage of total count
                 A         B        C        D         E       F
            +---------+---------+-------+---------+---------+-------
      Total |     314 |     246 |  43.9 |      65 |      11 |  14.5
            +---------+---------+-------+---------+---------+-------
        D:1 |      25 |       0 |   0.0 |      13 |       0 |   0.0
        D:2 |      48 |     240 |  83.3 |      22 |       8 |  26.7
        D:3 |      53 |       6 |  10.2 |      16 |       3 |  15.8
        D:4 |     188 |       0 |   0.0 |      14 |       0 |   0.0
            +---------+---------+-------+---------+---------+-------
